 Dungeon Crawl Stone Soup version 0.30-a0-170-g85af917532 (webtiles) character file.

Game seed: 16941696397033603542

140 qw the Chopper (level 5, -9/32 HPs)
             Began as a Gargoyle Fighter on Sept 30, 2022.
             Blown up by Ijyb (18 damage)
             ... with a mindburst bolt
             ... on level 3 of the Dungeon.
             The game lasted 00:00:56 (2227 turns).

qw the Chopper (Gargoyle Fighter)                   Turns: 2227, Time: 00:00:56

Health: -9/32      AC: 16    Str: 22    XL:     5   Next: 22%
Magic:  0/5        EV:  6    Int:  8    God:
Gold:   143        SH:  4    Dex:  9    Spells: 4/4 levels left

rFire   . . .      SeeInvis .    k - +0 hand axe (vamp)
rCold   . . .      Faith    .    c - +0 buckler
rNeg    + . .      Spirit   +    h - +0 plate armour
rPois   inf        Reflect  .    (no helmet)
rElec   +          Harm     .    b - +0 cloak
rCorr   .          Rampage  .    (no gloves)
Will    .....                    (no boots)
Stlth   ..........               j - amulet of guardian spirit
HPRegen 0.10/turn                (no ring)
MPRegen 0.09/turn                (no ring)

@: no status effects
A: sickness immunity, AC +4, negative energy resistance 1, electricity
resistance, torment resistance 1, petrification resistance
a: no special abilities


You were on level 3 of the Dungeon.
You visited 1 branch of the dungeon, and saw 3 of its levels.

You collected 143 gold pieces.


Innate Abilities, Weirdness & Mutations

You are immune to sickness and miasma.
Your stone body is resilient. (AC +4)
You are immune to poison.
You resist negative energy. (rN+)
You are resistant to electric shocks. (rElec)
You are resistant to unholy torment.
You are immune to petrification.


   Skills:
 - Level 3.2 Fighting
 + Level 4.6 Axes
 - Level 1.0 Throwing
 - Level 3.2 Armour
 - Level 3.2 Shields


You had 4 spell levels left.
You didn't know any spells.
Your spell library was empty.

Inventory:

Hand Weapons
 a - a +0 war axe
 g - a +0 whip of freezing
 k - a +0 vampiric hand axe (weapon)
Missiles
 i - 2 boomerangs (quivered)
 p - a javelin
Armour
 b - a +0 cloak (worn)
 c - a +0 buckler (worn)
 h - a +0 plate armour (worn)
Jewellery
 j - an amulet of guardian spirit (around neck)
Scrolls
 l - 2 scrolls of identify
 q - a scroll of teleportation
Potions
 d - 3 potions of might
 e - a potion of curing
 f - a potion of lignification {unknown}
 m - a potion of haste {unknown}
 n - a potion of magic {unknown}
 o - a potion of heal wounds {unknown}

Dungeon Overview and Level Annotations

Branches:
Dungeon (3/15)

Altars:

Annotations:
D:3 Ijyb


Message History

You hit the hound.
You kill the hound!
You have reached level 5!
You start resting.
HP restored.
Found a stone staircase leading up.
p - a javelin
Enter note:
Enter note: You now have 121 gold pieces (gained 4).
d - 3 potions of might (gained 1)
n - a fizzy cyan potion You now have 128 gold pieces (gained 7).
You now have 143 gold pieces (gained 15).
o - a coppery potion
q - a scroll of teleportation You see here a +0 ring mail.
Ijyb the Twisted Goblin comes into view.
She is wielding a +0 club and carrying a wand of mindburst (14).
Ijyb shouts!
Enter note: You closely miss Ijyb.
Ijyb barely misses you.
You hit Ijyb but do no damage.
Ijyb zaps a wand.
Your mind is blasted!
You hit Ijyb but do no damage. Ijyb hits you but does no damage.
You closely miss Ijyb. Ijyb closely misses you.
You hit Ijyb but do no damage.
Ijyb zaps a wand.
Your mind is blasted!
You miss Ijyb.
Ijyb zaps a wand.
You barely resist. You hit Ijyb but do no damage.
Ijyb zaps a wand.
Your mind is blasted!
You barely miss Ijyb. Ijyb hits you but does no damage.
You barely miss Ijyb.
Ijyb zaps a wand.
Your mind is blasted!
Ouch! That really hurt!
You die...

#.# #.####
####.#######...#
..##.#...[.....#
#.##.#.#####...##
#.#.....# #.....
#.#..#..# #.....
#....#..# #.....
###.###.......# #...#.
#....g@.####...........
#.#.............######.
#...############# ##
###


You could see Ijyb.

Vanquished Creatures
  A hound (D:3)
  4 adders
  A worm (D:3)
  2 dart slugs
  6 orcs (D:3)
  8 bats
  6 endoplasms
  4 giant cockroaches
  4 goblins
  A hobgoblin (D:1)
  3 jackals (D:2)
  3 quokkas (D:2)
  6 ball pythons
  2 frilled lizards (D:1)
  5 kobolds
  8 rats
64 creatures vanquished.

Notes
Turn   | Place    | Note
-------+----------+-------------------------------------------
     0 | D:1      | qw the Gargoyle Fighter began the quest for the Orb.
     0 | D:1      | Reached XP level 1. HP: 14/14 MP: 1/1
     0 | D:1      | 0 ||| qw: Version: 0.2-a-12-gaebbb33
     0 | D:1      | 0 ||| qw: Game counter: 1455
     0 | D:1      | 0 ||| qw: Always use a shield: true
     0 | D:1      | 0 ||| qw: God list: Okawaru
     0 | D:1      | 0 ||| qw: Allow faded altars: false
     0 | D:1      | 0 ||| qw: Do Orc after D:15 true
     0 | D:1      | 0 ||| qw: Do second Lair branch before Depths: true
     0 | D:1      | 0 ||| qw: Lair rune preference: random
     0 | D:1      | 0 ||| qw: Plans: Normal, Zot:1-4, God:TSO, Crypt, Tomb,
                  | Pan, Slime:5, Hells, Abyss, Orb
     0 | D:1      | 0 ||| PLANNING D:1-11
    26 | D:1      | Reached skill level 2 in Axes
    94 | D:1      | Reached XP level 2. HP: 19/19 MP: 2/2
   121 | D:1      | 121 ||| DROPPING +0 club.
   125 | D:1      | 125 ||| DROPPING +0 mace.
   431 | D:1      | Reached skill level 3 in Axes
   445 | D:1      | 445 ||| Stepping ~*~*~tactically~*~*~ (stealth).
   570 | D:1      | Reached XP level 3. HP: 23/23 MP: 3/3
   948 | D:1      | 948 ||| UPGRADING to +0 plate armour.
   958 | D:1      | 958 ||| DROPPING +0 scale mail.
   959 | D:1      | 959 ||| READING scroll labelled KUICIN KUFA.
   960 | D:1      | 960 ||| DRINKING 2 smoky purple potions.
  1175 | D:2      | 1175 ||| SWAPPING to +0 vampiric hand axe.
  1200 | D:2      | Reached XP level 4. HP: 21/28 MP: 4/4
  1339 | D:2      | Found a faded altar of an unknown god.
  1732 | D:2      | 1732 ||| UPGRADING to +0 cloak.
  1737 | D:2      | 1737 ||| DROPPING scarf of invisibility.
  1738 | D:2      | 1738 ||| UPGRADING to amulet of guardian spirit.
  1743 | D:2      | 1743 ||| READING scroll labelled FUEMIS QATEW.
  1799 | D:2      | 1799 ||| READING scroll labelled YFO WIVES BEIKU.
  1800 | D:2      | 1800 ||| READING scroll labelled SICAOPR WUMO.
  1805 | D:2      | 1805 ||| READING 2 scrolls labelled NOATOS BANEBB.
  1806 | D:2      | 1806 ||| READING scroll labelled TUSECW XEWA.
  1807 | D:2      | 1807 ||| READING scroll labelled OQOR ZIYZI BYL.
  1808 | D:2      | 1808 ||| DROPPING scroll of amnesia.
  1891 | D:3      | 1891 ||| Stepping ~*~*~tactically~*~*~ (stealth).
  1893 | D:3      | 1893 ||| Stepping ~*~*~tactically~*~*~ (stealth).
  1912 | D:3      | Reached skill level 1 in Throwing
  1928 | D:3      | 1928 ||| Stepping ~*~*~tactically~*~*~ (stealth).
  1938 | D:3      | Reached skill level 4 in Axes
  1953 | D:3      | 1953 ||| Stepping ~*~*~tactically~*~*~ (stealth).
  1955 | D:3      | 1955 ||| Stepping ~*~*~tactically~*~*~ (hiding).
  2087 | D:3      | Reached XP level 5. HP: 26/32 MP: 5/5
  2217 | D:3      | Noticed Ijyb
  2227 | D:3      | Blown up by Ijyb

Levels and vault maps discovered:
D:1:      sevenhm_arrival_forest_fort_small_6, layout_basic
D:2:      layout_basic, basic_ecumenical_altar, minmay_misc_feat_secret_circle,
          skrybe_limestone_x, minmay_misc_feat_five, kennysheep_generic_room_14
D:3:      layout_basic, uniq_ijyb

Skill      XL: |  1  2  3  4 |
---------------+-------------+-----
Axes           | 2 3 4 |  4.6
Throwing       | 1 |  1.0
Fighting       | |  3.2
Armour         | |  3.2
Shields        | |  3.2

Action                   |  1- 3 |  4- 6 || total
-------------------------+-------+-------++-------
Melee: War axe           |    87 |       ||    87
       Hand axe          |    16 |    80 ||    96
Throw: Boomerang         |       |    10 ||    10
       Javelin           |       |     9 ||     9
  Use: Scroll            |     1 |     6 ||     7
       Potion            |     1 |       ||     1
Armor: Scale mail        |    43 |       ||    43
       Plate armour      |    19 |    50 ||    69
Dodge: Dodged            |    33 |    26 ||    59
Block: Buckler           |    18 |    13 ||    31

Table legend:
 A = Non-vault XP
 B = Vault XP
 C = Vault XP percentage of total XP
 D = Non-vault monster count
 E = Vault monster count
 F = Vault count percentage of total count
                 A         B        C        D         E       F
            +---------+---------+-------+---------+---------+-------
      Total |     196 |       4 |   2.0 |      63 |       1 |   1.6
            +---------+---------+-------+---------+---------+-------
        D:1 |      43 |       0 |   0.0 |      28 |       0 |   0.0
        D:2 |      65 |       4 |   5.8 |      18 |       1 |   5.3
        D:3 |      88 |       0 |   0.0 |      17 |       0 |   0.0
            +---------+---------+-------+---------+---------+-------
